 Dungeon Crawl Stone Soup version 0.26-a0-971-g1d9d62bb61 (webtiles) character file.

Game seed: 16778423425060518594

604 sahdkjhfkaj the Covert (level 7, 0/44 HPs)
             Began as a Kobold Brigand on Dec 4, 2020.
             Succumbed to a killer bee's poison
             ... on level 5 of the Dungeon on Dec 5, 2020.
             The game lasted 00:12:56 (5274 turns).

sahdkjhfkaj the Covert (Kobold Brigand)             Turns: 5274, Time: 00:12:57

Health: 0/44       AC:  6    Str:  8    XL:     7   Next: 70%
Magic:  7/7        EV: 14    Int: 19    God:
Gold:   246        SH:  0    Dex: 18    Spells: 6/6 levels left

rFire    . . .     SeeInvis .   a - +2 dagger
rCold    . . .     Faith    .   (shield restricted)
rNeg     . . .     Spirit   .   b - +0 robe
rPois    .         Reflect  .   k - +0 helmet
rElec    .         Harm     .   c - +0 cloak
rCorr    +         Rampage  .   q - +0 pair of gloves
MR       .....                  g - +0 pair of boots
Stlth    ++++++....             (no amulet)
HPRegen  0.14/turn              r - +6 ring of intelligence
MPRegen  0.10/turn              m - ring of resist corrosion

@: lethally poisoned (0 -> -23), hasted, very quick
A: small, nightstalker 3
a: no special abilities


You were on level 5 of the Dungeon.
You visited 1 branch of the dungeon, and saw 5 of its levels.

You collected 246 gold pieces.

Inventory:

Hand Weapons
 a - a +2 dagger (weapon)
Missiles
 d - 5 poisoned darts
 j - 162 stones (quivered)
 t - 5 datura-tipped darts
 v - a curare-tipped dart
Armour
 b - a +0 robe (worn)
 c - a +0 cloak (worn)
 g - a +0 pair of boots (worn)
 k - a +0 helmet (worn)
 q - a +0 pair of gloves (worn)
Jewellery
 m - a ring of resist corrosion (right hand)
 r - a +6 ring of intelligence (left hand)
Scrolls
 f - 3 scrolls of enchant weapon
 n - 4 scrolls of teleportation
 p - a scroll of fog
 s - 2 scrolls of remove curse
Potions
 h - 2 potions of flight
 u - a potion of attraction {unknown}
 w - 2 potions of berserk rage
 x - a potion of might {unknown}


   Skills:
 * Level 4.6 Fighting
 + Level 4.3 Short Blades
 - Level 2.1 Throwing
 - Level 1.2 Dodging
 - Level 10.3 Stealth


You had 6 spell levels left.
You didn't know any spells.
Your spell library contained the following spells:

 Spells                   Type           Power        Failure   Level
 Animate Skeleton         Necr           #.....       21%         1
 Apportation              Tloc           #.....       21%         1
 Corona                   Hex            #......      21%         1
 Summon Small Mammal      Summ           #...         21%         1
 Confusing Touch          Hex            #.......     52%         3
 Gell's Gravitas          Tloc           #.........   52%         3
 Petrify                  Tmut/Erth      #.......     90%         4
 Metabolic Englaciation   Hex/Ice        #.........   99%         5
 Yara's Violent Unravell  Hex/Tmut       #.........   99%         5


Dungeon Overview and Level Annotations

Branches:
Dungeon (5/15)
 Temple: D:4-7

Altars:
Cheibriados
Nemelex Xobeh
Zin

Annotations:
D:2 Sigmund


Innate Abilities, Weirdness & Mutations

You are small and have problems with some larger weapons.
You are completely attuned to the shadows.


Message History

You are lethally poisoned!
The killer bee poisons you! The killer bee stings you.
You are more poisoned.
The killer bee poisons you!
Unknown command.
* * * LOW HITPOINT WARNING * * *
You feel sick. The killer bee completely misses you.
A killer bee comes into view.
Unknown command.
Okay, then.
* * * LOW HITPOINT WARNING * * *
You feel sick.
The killer bee stings you but does no damage.
Unknown command.
* * * LOW HITPOINT WARNING * * *
You feel sick. The killer bee stings you.
* * * LOW HITPOINT WARNING * * *
It was a potion of haste.
You feel yourself speed up.
Your surroundings suddenly seem different.
You die...

,,*,** **,***
,,,,,*****,,,,**
,,,*,,,,*,,<,,,*******
,,,*,,*,,,,,,,,,,**,,**
,,,*,,**,,,,....,....,*
,,,**,,,,,**#...#....**
,,,,*,,,,,,*#..$.....,**
,,,,,*,,,,,,#........,,*
,,,,,,,,,,,,....@....,,*
,,,,,,,**,,,........#,,*
,,,,,,,**,,,..#.....#,,*
,*,,,,,***,,.,..##...,**
,**,,,****,,,.#.**...,*
#####..#,,,,**,,,,,,,**
..#.....,,*,,,,,,,,,***
........,**,,,,,,,>,,,**
..#....#,,,,,,,,,,,*,,,*


There were no monsters in sight!

Vanquished Creatures
  Duvessa (D:3)
  An ice beast (D:4)
  Dowan (D:4)
  A howler monkey (D:4)
  A bullfrog skeleton (D:4)
  3 orc wizards (D:3)
  An iguana (D:4)
  A hound skeleton (D:4)
  4 gnolls (D:3)
  3 adders
  An ooze (D:1)
  2 adder skeletons (D:4)
  A worm (D:2)
  A dart slug (D:1)
  3 leopard geckos
  7 orcs
  A ball python (D:1)
  3 giant cockroaches
  5 goblins (D:3)
  3 hobgoblins
  4 jackals (D:3)
  7 kobolds
  2 quokkas
  3 bats
  3 frilled lizards
  7 rats
70 creatures vanquished.

Vanquished Creatures (others)
  An orc wizard (D:3)
1 creature vanquished.

Grand Total: 71 creatures vanquished

Notes
Turn   | Place    | Note
-------+----------+-------------------------------------------
     0 | D:1      | sahdkjhfkaj the Kobold Brigand began the quest for the Orb.
     0 | D:1      | Reached XP level 1. HP: 12/12 MP: 1/1
   149 | D:1      | Reached skill level 6 in Stealth
   149 | D:1      | Reached XP level 2. HP: 17/17 MP: 2/2
   714 | D:1      | Reached XP level 3. HP: 21/21 MP: 3/3
  1308 | D:2      | Noticed Sigmund
  1310 | D:2      | You fall into a shaft and drop 2 floors!
  1339 | D:4      | Reached skill level 7 in Stealth
  1370 | D:4      | Reached XP level 4. HP: 26/26 MP: 4/4
  1381 | D:4      | Noticed an ice beast
  1385 | D:4      | Killed an ice beast
  1386 | D:4      | Reached skill level 9 in Stealth
  1386 | D:4      | Reached XP level 5. HP: 30/30 MP: 5/5
  1437 | D:3      | Reached XP level 6. HP: 35/35 MP: 6/6
  2495 | D:3      | Found a sparkling altar of Nemelex Xobeh.
  2651 | D:3      | Reached skill level 10 in Stealth
  3065 | D:4      | Noticed Dowan
  3472 | D:4      | Killed Dowan
  3496 | D:3      | Reached XP level 7. HP: 18/41 MP: 7/7
  3503 | D:3      | HP: 2/41 [orc wizard/magic dart (4)]
  4213 | D:4      | Noticed Duvessa
  4463 | D:3      | Killed Duvessa
  5023 | D:4      | Found a snail-covered altar of Cheibriados.
  5025 | D:4      | Found a glowing silver altar of Zin.
  5231 | D:5      | Entered Level 5 of the Dungeon
  5273 | D:5      | HP: 2/44 [killer bee (6)]
  5274 | D:5      | Succumbed to a killer bee's poison

Illustrated notes

Levels and vault maps discovered:
D:1:      psy_arrival_statuary, layout_loops_ring
D:2:      layout_loops_ring, uniq_sigmund
D:3:      layout_basic, lemuel_coloured_pillars_altar
D:4:      layout_cave_pools, minitemple, uniq_duvessa
D:5:      layout_cave_pools, kennysheep_mini_moat, cheibrodos_sewer_entry_bend,
          kennysheep_generic_room_15

Skill      XL: |  1  2  3  4  5  6  7 |
---------------+----------------------+-----
Stealth        | 6 7 9 10 | 10.3
Short Blades   | 3 4 |  4.3
Fighting       | 3 4 |  4.6
Throwing       | |  2.1
Dodging        | |  1.2

Action                   |  1- 3 |  4- 6 |  7- 9 || total
-------------------------+-------+-------+-------++-------
Melee: Dagger            |    72 |   161 |    90 ||   323
Throw: Stone             |       |     1 |     1 ||     2
       Dart              |       |       |     5 ||     5
  Use: Scroll            |     2 |     4 |     5 ||    11
       Potion            |       |       |     3 ||     3
 Stab: Sleeping          |    15 |    16 |     2 ||    33
Armor: Robe              |     8 |    36 |    19 ||    63
Dodge: Dodged            |    28 |    77 |    44 ||   149

Table legend: (Time is in decaauts)
 A = Elapsed time spent in this place.
 B = Non-inter-level travel time spent in this place.
 C = Inter-level travel time spent in this place.
 D = Time resting spent in this place.
 E = Time spent auto-exploring this place.
 F = Levels seen in this place.
 G = Mean time per level.
                   A        B        C        D        E       F      G
               +--------+--------+--------+--------+--------+-----+--------+
         Total |   5228 |   4930 |    298 |   1013 |   3157 |   5 | 1045.6 |
       Dungeon |   5228 |   4930 |    298 |   1013 |   3157 |   5 | 1045.6 |
               +--------+--------+--------+--------+--------+-----+--------+

Top non-repeatable levels by time:
     D:3: 2297 daAuts
     D:4: 1206 daAuts
     D:1: 861 daAuts
     D:2: 823 daAuts
     D:5: 40 daAuts
